3AAA
BLOOMINGTON LONGNECKS @ HAMILTON COYOTES
08/24/2027
 
TOP OF THE 1ST
Bloomington Longnecks batting - Pitching for Hamilton Coyotes : RHP Marcos Mesa
Pitching: RHP Marcos Mesa
Batting: LHB Chris Payling 0-0: Ball
1-0: DOUBLE (Line Drive, 9LM)
Batting: RHB Wei-qiang Mo 0-0: Ball
1-0: Ground out 6-3 (Groundball, 6)
Chris Payling to third
Batting: LHB Adrián Gómez 0-0: Ball
1-0: Called Strike
1-1: Ball
2-1: Ball
3-1: Called Strike
3-2: Fly out, F7 (Flyball, 78S)
Runner from 3rd tags up, SCORES, throw made
Batting: LHB Luis Velázquez 0-0: Ball
1-0: Ball
2-0: Ball
3-0: Called Strike
3-1: Base on Balls
Batting: RHB José López 0-0: Swinging Strike
0-1: Ball
1-1: Ground out 5-3 (Groundball, 5S)
Top of the 1st over - 1 run(s), 1 hit(s), 0 error(s), 1 left on base; Bloomington 1 - Hamilton 0
BOTTOM OF THE 1ST
Hamilton Coyotes batting - Pitching for Bloomington Longnecks : RHP Giovanni Mireles
Pitching: RHP Giovanni Mireles
Batting: RHB Alfredo Cardenas 0-0: Ball
1-0: Ball
2-0: Called Strike
2-1: Swinging Strike
2-2: SINGLE (Line Drive, 8LS)
Batting: RHB Vincente Fuentes 0-0: Ball
1-0: Foul Ball, location: 2F
1-1: Foul Ball, location: 2F
1-2: Ball
2-2: SINGLE (Line Drive, 7LS)
Alfredo Cardenas to second
Batting: SHB Martín Marrero 0-0: Grounds into double play, 4-6-3 (Groundball, 4)
Alfredo Cardenas to third
Batting: LHB Ruben Yim 0-0: Ball
1-0: Called Strike
1-1: Foul Ball, location: 2F
1-2: SINGLE (Groundball, 34D)
Alfredo Cardenas scores
Batting: RHB Monty Sharp 0-0: Foul Ball, location: 2F
0-1: Ball
1-1: Ball
2-1: Foul Ball, location: 2F
2-2: Ball
Ruben Yim steals 2nd base
3-2: Strikes out swinging
Bottom of the 1st over - 1 run(s), 3 hit(s), 0 error(s), 1 left on base; Bloomington 1 - Hamilton 1
TOP OF THE 2ND
Bloomington Longnecks batting - Pitching for Hamilton Coyotes : RHP Marcos Mesa
Batting: RHB Mark Smiley 0-0: Fly out, F9 (Flyball, 9LS)
Batting: RHB Bubba Blevins 0-0: Ball
1-0: Called Strike
1-1: SINGLE (Line Drive, 78S)
Batting: RHB Ty Struck 0-0: Foul Ball, location: 2F
0-1: Swinging Strike
0-2: Ball
1-2: SINGLE (Groundball, 6D)
Bubba Blevins to second
Batting: RHB Frank Crocker 0-0: Ball
1-0: Ball
2-0: Called Strike
2-1: Foul Ball, location: 2F
2-2: Ball
3-2: SINGLE (Groundball, 4MD)
Bubba Blevins to third
Ty Struck to second
Batting: LHB Chris Payling 0-0: Ball
1-0: SINGLE (Flyball, 8RS)
Bubba Blevins scores
Ty Struck to third
Frank Crocker to second
Batting: RHB Wei-qiang Mo 0-0: Ball
1-0: Ball
2-0: Called Strike
2-1: Ball
3-1: Fly out, F4 (Popup, 34)
Batting: LHB Adrián Gómez 0-0: Called Strike
0-1: Ball
1-1: Called Strike
1-2: Fly out, F3 (Line Drive, 34)
Top of the 2nd over - 1 run(s), 4 hit(s), 0 error(s), 3 left on base; Bloomington 2 - Hamilton 1
BOTTOM OF THE 2ND
Hamilton Coyotes batting - Pitching for Bloomington Longnecks : RHP Giovanni Mireles
Batting: LHB Manuel Sánchez 0-0: Fly out, F7 (Flyball, 7D)
Batting: RHB Jon Erickson 0-0: Ball
1-0: Ball
2-0: Called Strike
2-1: Called Strike
2-2: Foul Ball, location: 2F
2-2: SINGLE (Groundball, 6MD)
Batting: RHB Henry Mann 0-0: Ball
1-0: Called Strike
1-1: Swinging Strike
1-2: Foul Ball, location: 2F
1-2: Strikes out swinging
Batting: RHB Rodrigo Pagán 0-0: Called Strike
0-1: Foul Ball, location: 2F
0-2: Foul Ball, location: 2F
0-2: Foul Ball, location: 2F
0-2: Fly out, F8 (Flyball, 8LS)
Bottom of the 2nd over - 0 run(s), 1 hit(s), 0 error(s), 1 left on base; Bloomington 2 - Hamilton 1
TOP OF THE 3RD
Bloomington Longnecks batting - Pitching for Hamilton Coyotes : RHP Marcos Mesa
Batting: LHB Luis Velázquez 0-0: Called Strike
0-1: Ball
1-1: Ball
2-1: Ball
3-1: Ground out 1-3 (Groundball, 13S)
Batting: RHB José López 0-0: Called Strike
0-1: Called Strike
0-2: SINGLE (Groundball, 6MD)
Batting: RHB Mark Smiley 0-0: Swinging Strike
0-1: Foul Ball, location: 2F
0-2: Strikes out looking
Batting: RHB Bubba Blevins 0-0: Fly out, F3 (Popup, 3L)
Top of the 3rd over - 0 run(s), 1 hit(s), 0 error(s), 1 left on base; Bloomington 2 - Hamilton 1
BOTTOM OF THE 3RD
Hamilton Coyotes batting - Pitching for Bloomington Longnecks : RHP Giovanni Mireles
Batting: RHB Alfredo Cardenas 0-0: Ground out 6-3 (Groundball, 6)
Batting: RHB Vincente Fuentes 0-0: Ball
1-0: Swinging Strike
1-1: Foul Ball, location: 2F
1-2: Ball
2-2: Strikes out swinging
Batting: SHB Martín Marrero 0-0: Called Strike
0-1: Ball
1-1: Foul Ball, location: 2F
1-2: Ball
2-2: Foul Ball, location: 2F
2-2: Ball
3-2: SINGLE (Flyball, 78S)
Batting: LHB Ruben Yim 0-0: Swinging Strike
0-1: Called Strike
0-2: Foul Ball, location: 2F
0-2: Ball
1-2: Foul Ball, location: 2F
1-2: Strikes out swinging
Bottom of the 3rd over - 0 run(s), 1 hit(s), 0 error(s), 1 left on base; Bloomington 2 - Hamilton 1
TOP OF THE 4TH
Bloomington Longnecks batting - Pitching for Hamilton Coyotes : RHP Marcos Mesa
Batting: RHB Ty Struck 0-0: Called Strike
0-1: Ball
1-1: Swinging Strike
1-2: Foul Ball, location: 2F
1-2: Strikes out swinging
Batting: RHB Frank Crocker 0-0: Ball
1-0: SINGLE (Line Drive, 6M)
Batting: LHB Chris Payling 0-0: Called Strike
0-1: Called Strike
0-2: SINGLE (Line Drive, 7LS)
Frank Crocker to second
Batting: RHB Wei-qiang Mo 0-0: Ball
1-0: Grounds into double play, 5-4-3 (Groundball, 56)
Top of the 4th over - 0 run(s), 2 hit(s), 0 error(s), 1 left on base; Bloomington 2 - Hamilton 1
BOTTOM OF THE 4TH
Hamilton Coyotes batting - Pitching for Bloomington Longnecks : RHP Giovanni Mireles
Batting: RHB Monty Sharp 0-0: Foul Ball, location: 2F
0-1: Ball
1-1: Swinging Strike
1-2: Foul Ball, location: 2F
1-2: Ball
2-2: Fly out, F9 (Flyball, 9LM)
Batting: LHB Manuel Sánchez 0-0: Called Strike
0-1: Ball
1-1: Called Strike
1-2: Ball
2-2: Ball
3-2: Foul Ball, location: 2F
3-2: Foul Ball, location: 2F
3-2: Strikes out looking
Batting: RHB Jon Erickson 0-0: Called Strike
0-1: Foul Ball, location: 2F
0-2: Ball
1-2: Foul Ball, location: 2F
1-2: SINGLE (Groundball, 6) (infield hit)
Batting: RHB Henry Mann 0-0: Ball
1-0: Fly out, F9 (Flyball, 9S)
Bottom of the 4th over - 0 run(s), 1 hit(s), 0 error(s), 1 left on base; Bloomington 2 - Hamilton 1
TOP OF THE 5TH
Bloomington Longnecks batting - Pitching for Hamilton Coyotes : RHP Marcos Mesa
Batting: LHB Adrián Gómez 0-0: Called Strike
0-1: Ground out 6-3 (Groundball, 6)
Batting: LHB Luis Velázquez 0-0: Swinging Strike
0-1: Called Strike
0-2: Foul Ball, location: 2F
0-2: Ball
1-2: Strikes out swinging
Batting: RHB José López 0-0: Called Strike
0-1: Ball
1-1: Fly out, F9 (Flyball, 9LM)
Top of the 5th over - 0 run(s), 0 hit(s), 0 error(s), 0 left on base; Bloomington 2 - Hamilton 1
BOTTOM OF THE 5TH
Hamilton Coyotes batting - Pitching for Bloomington Longnecks : RHP Giovanni Mireles
Batting: RHB Rodrigo Pagán 0-0: Foul Ball, location: 2F
0-1: Swinging Strike
0-2: Ball
1-2: Foul Ball, location: 2F
1-2: Strikes out swinging
Batting: RHB Alfredo Cardenas 0-0: Called Strike
0-1: Ball
1-1: Ball
2-1: Swinging Strike
2-2: Strikes out swinging
Batting: RHB Vincente Fuentes 0-0: Ball
1-0: Called Strike
1-1: Foul Ball, location: 2F
1-2: Ball
2-2: Foul Ball, location: 2F
2-2: Strikes out looking
Bottom of the 5th over - 0 run(s), 0 hit(s), 0 error(s), 0 left on base; Bloomington 2 - Hamilton 1
TOP OF THE 6TH
Bloomington Longnecks batting - Pitching for Hamilton Coyotes : RHP Marcos Mesa
Batting: RHB Mark Smiley 0-0: Ground out 4-3 (Groundball, 4)
Batting: RHB Bubba Blevins 0-0: Called Strike
0-1: Foul Ball, location: 2F
0-2: Fly out, F8 (Flyball, 8RM)
Batting: RHB Ty Struck 0-0: Ball
1-0: Ball
2-0: Swinging Strike
2-1: Ball
3-1: Swinging Strike
3-2: Base on Balls
Batting: RHB Frank Crocker 0-0: Foul Ball, location: 2F
0-1: Ball
1-1: Ground out 5-3 (Groundball, 56)
Top of the 6th over - 0 run(s), 0 hit(s), 0 error(s), 1 left on base; Bloomington 2 - Hamilton 1
BOTTOM OF THE 6TH
Hamilton Coyotes batting - Pitching for Bloomington Longnecks : RHP Giovanni Mireles
Batting: SHB Martín Marrero 0-0: Foul Ball, location: 2F
0-1: Foul Ball, location: 2F
0-2: Ball
1-2: Fly out, F9 (Flyball, 89M)
Batting: LHB Ruben Yim 0-0: Ball
1-0: Ball
2-0: Ball
3-0: Called Strike
3-1: Base on Balls
Batting: RHB Monty Sharp 0-0: Ball
1-0: Foul Ball, location: 2F
1-1: Ball
2-1: Foul Ball, location: 2F
2-2: Foul Ball, location: 2F
2-2: Fielders Choice at 2nd, 3-6 (Groundball, 3)
Batting: LHB Manuel Sánchez 0-0: Called Strike
Throwing error on steal attempt, E2
Monty Sharp to third
0-1: Ball
1-1: Fly out, F9 (Flyball, 9S)
Bottom of the 6th over - 0 run(s), 0 hit(s), 1 error(s), 1 left on base; Bloomington 2 - Hamilton 1
TOP OF THE 7TH
Bloomington Longnecks batting - Pitching for Hamilton Coyotes : RHP Marcos Mesa
Batting: LHB Chris Payling 0-0: DOUBLE (Flyball, 78M)
Batting: RHB Wei-qiang Mo 0-0: Ground out 6-3 (Groundball, 6)
Chris Payling to third
Batting: LHB Adrián Gómez 0-0: Ball
1-0: Called Strike
1-1: Ball
2-1: Foul Ball, location: 2F
2-2: Ball
3-2: Foul Ball, location: 2F
3-2: Fly out, F7 (Flyball, 7LSF)
Runner from 3rd tags up, SCORES, no throw
Batting: LHB Luis Velázquez 0-0: Ball
1-0: Ball
2-0: Ball
3-0: Called Strike
3-1: Foul Ball, location: 2F
3-2: Foul Ball, location: 2F
3-2: Foul Ball, location: 2F
3-2: Base on Balls
Batting: RHB José López 0-0: Ball
1-0: Called Strike
1-1: Ball
2-1: SINGLE (Line Drive, 7LM)
Luis Velázquez to second
Batting: RHB Mark Smiley 0-0: Called Strike
0-1: Fly out, F9 (Flyball, 9S)
Top of the 7th over - 1 run(s), 2 hit(s), 0 error(s), 2 left on base; Bloomington 3 - Hamilton 1
BOTTOM OF THE 7TH
Hamilton Coyotes batting - Pitching for Bloomington Longnecks : RHP Giovanni Mireles
Batting: RHB Jon Erickson 0-0: Ball
1-0: Ball
2-0: Foul Ball, location: 2F
2-1: Ground out 5-3 (Groundball, 5)
Batting: RHB Henry Mann 0-0: Fly out, F9 (Flyball, 89M)
Batting: RHB Rodrigo Pagán 0-0: Ball
1-0: Foul Ball, location: 2F
1-1: Ball
2-1: Foul Ball, location: 2F
2-2: Foul Ball, location: 2F
2-2: Ground out 6-3 (Groundball, 6M)
Bottom of the 7th over - 0 run(s), 0 hit(s), 0 error(s), 0 left on base; Bloomington 3 - Hamilton 1
TOP OF THE 8TH
Bloomington Longnecks batting - Pitching for Hamilton Coyotes : RHP Marcos Mesa
Batting: RHB Bubba Blevins 0-0: Called Strike
0-1: SINGLE (Line Drive, 4M)
Pitching: RHP Jim Unknown
Batting: RHB Ty Struck 0-0: Ball
1-0: Ball
2-0: Ball
3-0: Called Strike
3-1: Base on Balls
Bubba Blevins to second
Batting: RHB Frank Crocker 0-0: Sac Bunt - play at third, runner OUT! 3-5
Ty Struck to second
Batting: LHB Chris Payling 0-0: Ball
1-0: Ball
2-0: SINGLE (Line Drive, 56)
Ty Struck to third
Frank Crocker to second
Batting: RHB Wei-qiang Mo 0-0: Called Strike
0-1: Fly out, F8 (Flyball, 89M)
Batting: LHB Adrián Gómez 0-0: Foul Ball, location: 2F
0-1: Called Strike
0-2: Hit by Pitch
Ty Struck scores
Frank Crocker to third
Chris Payling to second
Batting: LHB Luis Velázquez 0-0: Ball
1-0: Ball
2-0: SINGLE (Groundball, 56D)
Frank Crocker scores
Chris Payling to third
Adrián Gómez to second
Runner from 3rd tries for Home, SAFE, no throw
Pitching: RHP Dave Wheeler
Batting: RHB José López 0-0: Ball
1-0: Ball
2-0: Called Strike
2-1: Foul Ball, location: 2F
2-2: Fly out, F8 (Flyball, 8RD)
Top of the 8th over - 3 run(s), 3 hit(s), 0 error(s), 2 left on base; Bloomington 6 - Hamilton 1
BOTTOM OF THE 8TH
Hamilton Coyotes batting - Pitching for Bloomington Longnecks : RHP Giovanni Mireles
Pitching: LHP Jesús Medina
Now at C: Raúl Andrade
Batting: RHB Alfredo Cardenas 0-0: Foul Ball, location: 2F
0-1: Ball
1-1: Called Strike
1-2: Strikes out swinging
Batting: RHB Vincente Fuentes 0-0: Ball
1-0: Ball
2-0: Called Strike
2-1: Ball
3-1: Base on Balls
Batting: SHB Martín Marrero 0-0: Called Strike
0-1: Ball
1-1: Ball
2-1: Fly out, F4 (Popup, 4D)
Batting: LHB Ruben Yim 0-0: Ball
1-0: Called Strike
1-1: Ball
2-1: Fly out, F8 (Flyball, 8RM)
Bottom of the 8th over - 0 run(s), 0 hit(s), 0 error(s), 1 left on base; Bloomington 6 - Hamilton 1
TOP OF THE 9TH
Bloomington Longnecks batting - Pitching for Hamilton Coyotes : RHP Dave Wheeler
Pitching: LHP Jim Unknown
Batting: RHB Mark Smiley 0-0: Ball
1-0: Ball
2-0: Ball
3-0: Base on Balls
Batting: RHB Bubba Blevins 0-0: Ball
1-0: Fly out, F8 (Flyball, 8RM)
Batting: RHB Ty Struck 0-0: Ball
1-0: Called Strike
1-1: Ball
2-1: Ball
3-1: Foul Ball, location: 2F
3-2: Foul Ball, location: 2F
3-2: Foul Ball, location: 2F
3-2: Base on Balls
Mark Smiley to second
Batting: RHB Frank Crocker 0-0: Foul Ball, location: 2F
0-1: Swinging Strike
0-2: Ball
1-2: Ball
2-2: Ball
3-2: Strikes out swinging
Batting: LHB Chris Payling 0-0: Called Strike
0-1: Foul Ball, location: 2F
0-2: Strikes out swinging
Top of the 9th over - 0 run(s), 0 hit(s), 0 error(s), 2 left on base; Bloomington 6 - Hamilton 1
BOTTOM OF THE 9TH
Hamilton Coyotes batting - Pitching for Bloomington Longnecks : LHP Jesús Medina
Now in RF: Steve Ladner
Batting: RHB Monty Sharp 0-0: Ball
1-0: Foul Ball, location: 2F
1-1: Ball
2-1: Called Strike
2-2: Ground out 4-3 (Groundball, 4)
Batting: LHB Manuel Sánchez 0-0: Ball
1-0: Swinging Strike
1-1: Called Strike
1-2: Strikes out swinging
Batting: RHB Jon Erickson 0-0: Called Strike
0-1: Ground out 4-3 (Groundball, 4MS)
Bottom of the 9th over - 0 run(s), 0 hit(s), 0 error(s), 0 left on base; Bloomington 6 - Hamilton 1
Saturday, May 26th, 2018 - OOTP Baseball 17.12 Build 75